 Dungeon Crawl Stone Soup version 0.27.1-1-g398f81649c (webtiles) character file.

Game seed: 15816781386792978206

4456 boopmooplesden the Cleaver (level 10, 0/86 HPs)
             Began as a Minotaur Fighter on Sept 18, 2021.
             Was a Believer of Okawaru.
             Slain by a two-headed ogre (22 damage)
             ... on level 9 of the Dungeon.
             The game lasted 00:12:25 (8676 turns).

boopmooplesden the Cleaver (Minotaur Fighter)       Turns: 8676, Time: 00:12:25

Health: 0/86       AC: 12    Str: 23    XL:     10   Next: 15%
Magic:  9/9        EV:  8    Int:  5    God:    Okawaru [**....]
Gold:   433        SH: 11    Dex: 11    Spells: 9/9 levels left

rFire    . . .     SeeInvis .   a - +4 war axe
rCold    . . .     Faith    .   c - +0 kite shield
rNeg     + . .     Spirit   .   e - +0 chain mail
rPois    .         Reflect  .   (helmet restricted)
rElec    .         Harm     +   s - scarf {harm}
rCorr    .         Rampage  .   v - +0 pair of gloves {Stlth+}
Will     .....                  (no boots)
Stlth    ..........             (no amulet)
HPRegen  0.24/turn              o - ring of positive energy
MPRegen  0.11/turn              (no ring)

@: about to teleport
A: horns 2, retaliatory headbutt
a: Renounce Religion, Heroism


You were on level 9 of the Dungeon.
You worshipped Okawaru.
Okawaru was pleased with you.
You visited 2 branches of the dungeon, and saw 10 of its levels.

You collected 433 gold pieces.

Inventory:

Hand Weapons
 a - a +4 war axe (weapon)
 F - a +1 vorpal flail
Missiles
 j - 6 atropa-tipped darts (quivered)
 m - a throwing net
Armour
 b - a +0 scale mail
 c - a +0 kite shield (worn)
 e - a +0 chain mail (worn)
 h - a +0 cloak
 s - a scarf of harm (worn)
 t - a +0 pair of gloves
 v - a +0 pair of gloves of stealth (worn)
Jewellery
 l - a ring of ice
 o - a ring of positive energy (left hand)
 D - a ring of willpower
Wands
 k - a wand of charming (6)
 p - a wand of mindburst (9)
 y - a wand of polymorph (6)
 A - a wand of digging (3)
 G - a wand of paralysis (12)
Scrolls
 g - a scroll of fog
 i - 3 scrolls of identify
 q - a scroll of enchant armour {unknown}
 w - 2 scrolls of amnesia {unknown}
 x - 3 scrolls of teleportation
Potions
 d - 2 potions of might
 f - a potion of flight
 n - a potion of degeneration {unknown}
 r - a potion of cancellation {unknown}
 u - a potion of attraction {unknown}
 z - a potion of haste {unknown}
 B - a potion of magic {unknown}
 C - a potion of heal wounds {unknown}
 E - a potion of curing


   Skills:
 + Level 7.6 Fighting
 + Level 10.9 Axes
 + Level 0.7 Throwing
 + Level 8.9 Armour
 + Level 4.3 Dodging
 + Level 2.3 Stealth
 + Level 7.9 Shields
 + Level 0.4 Evocations


You had 9 spell levels left.
You didn't know any spells.
Your spell library contained the following spells:

 Spells                   Type           Power      Damage    Failure   Level
 Corpse Rot               Necr/Air       N/A        N/A       100%        2
 Dispel Undead            Necr           0%         3d6       100%        4
 Summon Ice Beast         Ice/Summ       0%         N/A       100%        4
 Summon Mana Viper        Hex/Summ       0%         N/A       100%        5
 Death Channel            Necr           0%         N/A       100%        6
 Monstrous Menagerie      Summ           0%         N/A       100%        7


Dungeon Overview and Level Annotations

Branches:
Dungeon (9/15)             Temple (1/1) D:7            Lair (0/6) D:8
    Orc (0/2) D:9

Altars:
Dithmenos
Gozag
Okawaru
Qazlal
Sif Muna
Trog
Vehumet
The Shining One

Shops:
D:1 :   D:4 (

Annotations:
D:4 1 runed translucent door, TheGamechu's ghost, novice HOFi


Innate Abilities, Weirdness & Mutations

You have a pair of horns on your head.
You reflexively headbutt those who attack you in melee.


Message History

You block the centaur's attack.
The centaur hits you but does no damage.
The centaur misses you.
You hit the centaur.
The centaur is moderately wounded.
You block the centaur's attack. x2
You hit the centaur. Your headbutt misses the centaur.
The centaur is severely wounded.
The centaur hits you but does no damage.
The centaur kicks you. The centaur hits you with a +0 dagger.
The centaur kicks you but does no damage.
You hit the centaur.
The centaur is severely wounded.
The centaur hits you with a +0 dagger. The centaur closely misses you.
The centaur hits you with a +0 dagger. The centaur kicks you.
You slash the centaur!
You kill the centaur!
Okawaru accepts your kill.
A two-headed ogre comes into view.
It is wielding a +0 giant club and a +0 giant spiked club.
Things that are here:
a +0 dagger; a +0 shortbow; 18 arrows You hit the two-headed ogre but do no damage.
The two-headed ogre hits you with a +0 giant club!
The two-headed ogre hits you but does no damage.
A two-headed ogre is nearby!
You hit the two-headed ogre. You headbutt the two-headed ogre!
The two-headed ogre is lightly wounded.
The two-headed ogre hits you with a +0 giant club!!
You block the two-headed ogre's attack.
An acid dragon comes into view.
The acid dragon roars!
You closely miss the two-headed ogre. You headbutt the two-headed ogre!
The two-headed ogre is moderately wounded.
The two-headed ogre hits you with a +0 giant club.
* * * LOW HITPOINT WARNING * * *
The two-headed ogre closely misses you.
As you read the scroll of teleportation, it crumbles to dust.
You feel strangely unstable.
The two-headed ogre hits you with a +0 giant club!!
You die...

.........##..........##
.......................
.......................
##############.#######
#.# #.# #.######
#......##. #.@.......
#.O....... #.........
##.######. #D# #.....#
#.....' #.....#.
#.....#..


You could see a two-headed ogre and an acid dragon.

Vanquished Creatures
  A two-headed ogre (D:9)
  A death yak (D:8)
  A wyvern (D:9)
  A wraith (D:9)
  2 wargs (D:9)
  3 water moccasins
  An ice beast (D:5)
  A black bear (D:6)
  4 ogres
  2 centaurs
  3 bullfrogs
  A gnoll sergeant (D:8)
  A scorpion (D:6)
  2 water moccasin zombies (D:6)
  5 killer bees (D:7)
  A howler monkey (D:4)
  8 hounds
  A centaur zombie (D:8)
  A jelly (D:7)
  A bullfrog skeleton (D:5)
  A centaur skeleton (D:7)
  A gnoll shaman (D:8)
  4 orc priests
  An iguana (D:6)
  7 orc wizards
  2 killer bee zombies
  A hound skeleton (D:2)
  9 gnolls
  11 adders
  A shadow imp (D:7)
  A white imp (D:8)
  A worm (D:2)
  2 dart slugs
  20 orcs
  6 ball pythons
  3 bats
  6 endoplasms
  A giant cockroach (D:2)
  10 goblins
  8 hobgoblins
  4 jackals (D:1)
  5 kobolds
  3 quokkas
  3 frilled lizards
  3 rats
155 creatures vanquished.

Notes
Turn   | Place    | Note
-------+----------+-------------------------------------------
     0 | D:1      | boopmooplesden the Minotaur Fighter began the quest for the
                  | Orb.
     0 | D:1      | Reached XP level 1. HP: 19/19 MP: 0/0
    87 | D:1      | Reached XP level 2. HP: 19/27 MP: 1/1
   443 | D:1      | Reached XP level 3. HP: 28/33 MP: 2/2
   518 | D:1      | Found Sowidos's Book Emporium.
   539 | D:1      | Reached skill level 3 in Axes
  1109 | D:2      | Reached skill level 1 in Dodging
  1206 | D:2      | Reached XP level 4. HP: 37/40 MP: 3/3
  1281 | D:2      | Reached skill level 4 in Axes
  1898 | D:2      | Reached XP level 5. HP: 45/46 MP: 4/4
  1951 | D:3      | Noticed an ogre
  1958 | D:3      | Killed an ogre
  1959 | D:3      | Reached skill level 5 in Axes
  2039 | D:3      | Reached XP level 6. HP: 26/52 MP: 5/5
  2333 | D:3      | Reached skill level 5 in Armour
  2722 | D:3      | Found a faded altar of an unknown god.
  3079 | D:4      | Reached skill level 5 in Shields
  3139 | D:4      | Reached skill level 6 in Axes
  3224 | D:4      | Found Motheb's Antique Weapon Boutique.
  3238 | D:4      | Reached XP level 7. HP: 55/60 MP: 6/6
  3319 | D:4      | Found a runed translucent door.
  3320 | D:4      | Noticed TheGamechu's ghost (novice HOFi)
  3928 | D:5      | Entered Level 5 of the Dungeon
  4212 | D:5      | HP: 2/60 [poisoned by an orc]
  4596 | D:5      | Reached skill level 7 in Axes
  4596 | D:5      | Reached XP level 8. HP: 41/67 MP: 7/7
  5329 | D:6      | Reached skill level 5 in Fighting
  5619 | D:6      | Reached skill level 8 in Axes
  5901 | D:7      | Reached skill level 1 in Stealth
  6359 | D:7      | Found a staircase to the Ecumenical Temple.
  6380 | Temple   | Entered the Ecumenical Temple
  6389 | Temple   | Became a worshipper of Warmaster Okawaru
  7027 | D:7      | Reached XP level 9. HP: 70/74 MP: 8/8
  7176 | D:8      | Reached skill level 9 in Axes
  7443 | D:8      | Found a staircase to the Lair.
  7456 | D:8      | Noticed a death yak
  7457 | D:8      | Noticed a death yak
  7457 | D:8      | Noticed a death yak
  7999 | D:8      | Noticed a death yak
  8028 | D:8      | Killed a death yak
  8028 | D:8      | Reached * piety under Okawaru
  8029 | D:8      | Reached skill level 10 in Axes
  8234 | D:8      | Noticed a death yak
  8315 | D:9      | Noticed a two-headed ogre
  8322 | D:9      | Killed a two-headed ogre
  8322 | D:9      | Reached ** piety under Okawaru
  8521 | D:9      | Reached XP level 10. HP: 86/86 MP: 9/9
  8540 | D:9      | Found a staircase to the Orcish Mines.
  8667 | D:9      | Noticed a two-headed ogre
  8676 | D:9      | Slain by a two-headed ogre

Illustrated notes

Levels and vault maps discovered:
D:1:      amcnicky_arrival_wind_blow, layout_loops_ring, serial_shops,
          shop_statue
D:2:      layout_loops_cross
D:3:      layout_basic, ebering_ecumenical_altar_sacrificial, chequers_arboretum
D:4:      layout_cave_pods, ebering_ghost_sewer_d, serial_shops,
          nicolae_shop_competitors_out_of_business,
          minmay_misc_feat_more_columns
D:5:      layout_gridville, minmay_misc_feat_enclosed,
          hangedman_abyss_or_decor_slice, mrwooster_statue_mirror,
          kennysheep_path_1
D:6:      layout_basic
D:7:      layout_loops_cross, minmay_temple_entry_enclosed_plants
D:8:      layout_basic, lemuel_zombie_altar_yredelemnul, dpeg_lair_monsters
D:9:      layout_stronghold, erik_orc_4, serial_shops, shop,
          minmay_misc_feat_room
Temple:   compressed_dpeg_triangle_lava_temple

Skill      XL: |  1  2  3  4  5  6  7  8  9 |
---------------+----------------------------+-----
Armour         | 4 5 6 7 8 |  8.9
Fighting       | 4 5 7 |  7.6
Axes           | 3 4 5 6 7 8 10 | 10.9
Shields        | 4 5 6 7 |  7.9
Dodging        | 1 2 3 4 |  4.3
Stealth        | 1 2 |  2.3
Throwing       | |  0.7
Evocations     | |  0.4

Action                   |  1- 3 |  4- 6 |  7- 9 | 10-12 || total
-------------------------+-------+-------+-------+-------++-------
Melee: War axe           |    69 |   128 |   179 |    26 ||   402
       Headbutt          |     8 |    18 |    35 |     8 ||    69
Throw: Throwing net      |       |     1 |       |       ||     1
       Dart              |       |     1 |     5 |       ||     6
Invok: Heroism           |       |       |       |     1 ||     1
Evoke: Wand              |       |       |     2 |       ||     2
  Use: Scroll            |       |     6 |     8 |     1 ||    15
       Potion            |       |       |     4 |       ||     4
Armor: Scale mail        |    50 |    62 |    33 |       ||   145
       Chain mail        |       |       |    58 |    14 ||    72
Dodge: Dodged            |    31 |    49 |    66 |    11 ||   157
Block: Kite shield       |    41 |    65 |   115 |    23 ||   244
